 Dungeon Crawl Stone Soup version 0.21-a0-538-gd16b88a (webtiles) character file.

5225 Amnesiac the Thrower (level 10, 64/64 HPs)
             Began as a Halfling Fighter on Dec 15, 2017.
             Was a High Priest of Okawaru.
             Quit the game on level 9 of the Dungeon.
             The game lasted 00:20:33 (9339 turns).

Amnesiac the Thrower (Halfling Fighter)             Turns: 9339, Time: 00:20:34

Health: 64/64      AC: 14    Str: 20    XL:     10   Next: 92%
Magic:  12/12      EV: 21    Int:  6    God:    Okawaru [*****.]
Gold:   153        SH: 10    Dex: 15    Spells: 9/9 levels left

rFire    . . .     SeeInvis .   a - +0 hunting sling
rCold    . . .     Gourm    .   c - +0 shield
rNeg     . . .     Faith    .   Q - +3 scale mail of Molaeqaj {+Inv Regen+}
rPois    .         Spirit   .   u - +0 helmet
rElec    .         Reflect  .   r - +0 cloak
rCorr    .         Harm     .   (no gloves)
MR       .....                  h - +0 pair of boots
Stlth    ..........             C - amulet of rage
HPRegen  0.60/turn              m - +2 ring of evasion
MPRegen  0.13/turn              I - +6 ring of evasion

@: no status effects
A: small, mutation resistance 1
a: Heroism, Finesse, Renounce Religion, Evoke Berserk Rage, Evoke Invisibility


You were on level 9 of the Dungeon.
You worshipped Okawaru.
Okawaru was extremely pleased with you.
You were not hungry.

You visited 1 branch of the dungeon, and saw 9 of its levels.

You collected 491 gold pieces.
You spent 338 gold pieces at shops.

Inventory:

Hand Weapons
 a - a +0 hunting sling (weapon)
 b - a +1 dagger of flaming
 V - a +4 dagger of chaos
Missiles
 e - 321 stones (quivered)
 q - 12 poisoned needles
 t - 5 needles of paralysis
 K - 9 needles of confusion
 R - 17 sling bullets
Armour
 c - a +0 shield (worn)
 h - a +0 pair of boots (worn)
 r - a +0 cloak (worn)
 u - a +0 helmet (worn)
 Q - the +3 scale mail of Molaeqaj (worn) {+Inv Regen+}
   (You bought it in a shop on level 6 of the Dungeon)

   It lets you turn invisible.
   It increases your rate of regeneration.
Jewellery
 g - an uncursed ring of resist corrosion
 j - a +3 ring of intelligence
 l - an uncursed ring of poison resistance
 m - a +2 ring of evasion (left hand)
 B - an uncursed ring of fire
 C - an amulet of rage (around neck)
 I - a +6 ring of evasion (right hand)
 P - an uncursed ring of protection from fire
 U - an uncursed ring of wizardry
Wands
 y - a wand of enslavement (7)
 A - a wand of flame (16)
 Y - a wand of iceblast (7)
Scrolls
 i - a scroll of summoning {!r, unknown}
 n - 2 scrolls of amnesia {!r}
 z - 6 scrolls of remove curse {!r}
 D - a scroll of identify {!r}
 F - 5 scrolls of teleportation {!r}
 M - a scroll of magic mapping {!r}
 S - a scroll of fear {!r}
Potions
 d - 3 potions of might {!q}
 k - 5 potions of curing {!q}
 o - 5 potions of flight {!q}
 p - 2 potions of heal wounds {!q}
 v - a potion of brilliance {!q}
 x - 3 potions of haste {!q}
 E - a potion of cancellation {!q}
 G - 3 potions of agility {!q}
 J - 2 potions of berserk rage {!q}
 L - 5 potions of lignification {!q}
 N - a potion of invisibility {!q}
 O - 4 potions of mutation {!q}
 X - a potion of resistance {!q}
Comestibles
 f - 3 bread rations
 s - 12 royal jellies
 w - 11 fruits
 Z - 4 meat rations


   Skills:
 - Level 4.3 Fighting
 - Level 7.9 Short Blades
 + Level 2.6(9.8) Slings
 - Level 10.4(10.5) Throwing
 - Level 5.2 Armour
 - Level 5.2 Dodging
 - Level 5.1 Shields
 - Level 3.8 Invocations
 - Level 1.5 Evocations


You had 9 spell levels left.
You didn't know any spells.

Dungeon Overview and Level Annotations

Branches:
Dungeon (9/15)             Temple (0/1) D:6            Lair (0/6) D:8
    Orc: D:9-12

Altars:
Gozag
Hepliaklqana
Kikubaaqudgha
Makhleb
Okawaru
Sif Muna
Xom
Yredelemnul

Shops:
D:6 [*(


Innate Abilities, Weirdness & Mutations

You are small and have problems with some larger weapons.
You are somewhat resistant to further mutation.


Message History

Aim: an ooze (moderately wounded)
You shoot a stone. The stone hits the ooze.
The ooze is severely wounded.
Firing (i - inventory. (,) - cycle):
e - 297 stones (quivered)
Press: ? - help, Shift-Dir - straight line, f/p - ooze
Aim: an ooze (heavily wounded)
You shoot a stone. The stone hits the ooze.
The ooze is almost dead.
Firing (i - inventory. (,) - cycle):
e - 296 stones (quivered)
Press: ? - help, Shift-Dir - straight line, f/p - ooze
Aim: an ooze (almost dead)
You shoot a stone. The stone hits the ooze.
You kill the ooze!
Okawaru accepts your kill.
An ooze comes into view.
Firing (i - inventory. (,) - cycle):
e - 295 stones (quivered)
Press: ? - help, Shift-Dir - straight line, f - ooze
Aim: an ooze You shoot a stone.
The stone hits the ooze.
The ooze is heavily wounded.
Firing (i - inventory. (,) - cycle):
e - 294 stones (quivered)
Press: ? - help, Shift-Dir - straight line, f/p - ooze
Aim: an ooze (heavily wounded)
You shoot a stone. The stone hits the ooze.
The ooze is heavily wounded.
Firing (i - inventory. (,) - cycle):
e - 293 stones (quivered)
Press: ? - help, Shift-Dir - straight line, f/p - ooze
Aim: an ooze (heavily wounded)
You shoot a stone. The stone hits the ooze!
You kill the ooze!
Okawaru accepts your kill.
No target in view!
No target in view!
No target in view!
No target in view!
No target in view!
No target in view!
K - 9 needles of confusion (gained 2) No target in view!
e - 310 stones (gained 18)
There is an open door here.
e - 313 stones (gained 3)
e - 318 stones (gained 5)
e - 320 stones (gained 2)
e - 321 stones (gained 1)
You open the door.
There is an open door here.
s - 12 royal jellies (gained 10)
There is an open door here.
There is an open door here.
Things that are here:
a howler monkey corpse x2
Some of the chunks of flesh in your inventory have rotted away.
Key pressed, stopping explore.
No target in view!
Things that are here:
a giant club x2
Some of the chunks of flesh in your inventory have rotted away.
Key pressed, stopping explore.
No target in view!
Eating a chunk of flesh.
You eat the chunk of flesh.
This raw flesh tastes terrible.
Found a dagger.
Are you sure you want to abandon this character and quit the game? (Confirm with "yes".)

#### ...# ##.#########
##.........#
##....####.#
........##.#############
........#.........).....
................@#
.##...####.#####.#
.##...# #.# #.# . ##.##
#.# #.# #.# #.# #.#
#.#####.# #.# #.......#
#.# #.†###### #.# #..#
#.#


There were no monsters in sight!

Vanquished Creatures
  A two-headed ogre (D:9)
  Psyche (D:8)
  A troll (D:9)
  Grinder (D:3)
  2 hippogriffs
  A wyvern (D:8)
  A water moccasin (D:8)
  3 porcupines (D:8)
  4 orc warriors
  A sky beast (D:9)
  A necrophage (D:9)
  3 ogres
  2 centaurs
  A big kobold (D:9)
  A wyvern zombie (D:7)
  A bullfrog (D:9)
  2 wyvern skeletons
  2 scorpions
  2 howler monkeys (D:9)
  4 crimson imps
  2 bullfrog zombies
  6 jellies
  2 centaur zombies
  3 hounds
  2 orc priests
  2 bullfrog skeletons (D:5)
  3 orc wizards
  Jessica (D:2)
  Ijyb (D:3)
  Natasha (thrice) (D:3)
  An iguana (D:6)
  5 worker ants
  A hound zombie (D:8)
  A worker ant zombie (D:5)
  Robin (D:2)
  7 gnolls (D:5)
  12 adders
  9 river rats
  4 shadow imps
  5 oozes (D:9)
  An adder skeleton (D:6)
  A worm (D:2)
  2 dart slugs
  4 leopard geckos
  25 orcs
  12 giant cockroaches
  11 goblins
  8 hobgoblins
  4 jackals
  9 quokkas
  4 ball pythons
  10 bats
  6 frilled lizards
  2 gnoll zombies (D:3)
  8 kobolds
  A quokka skeleton (D:4)
  22 rats
  A fungus (D:8)
  A plant (D:8)
238 creatures vanquished.

Vanquished Creatures (others)
  An orc wizard (D:4)
1 creature vanquished.

Grand Total: 239 creatures vanquished

Notes
Turn   | Place    | Note
-------+----------+-------------------------------------------
     0 | D:1      | Amnesiac the Halfling Fighter began the quest for the Orb.
     0 | D:1      | Reached XP level 1. HP: 15/15 MP: 1/1
   163 | D:1      | Reached XP level 2. HP: 18/20 MP: 2/2
   228 | D:1      | Reached skill level 1 in Dodging
   692 | D:2      | Reached XP level 3. HP: 25/25 MP: 3/3
   905 | D:2      | Found an opulent altar of Gozag.
  1189 | D:2      | Reached XP level 4. HP: 30/30 MP: 4/4
  1345 | D:2      | Noticed Jessica
  1687 | D:2      | Killed Jessica
  1687 | D:2      | Reached skill level 5 in Short Blades
  1687 | D:2      | Reached XP level 5. HP: 33/35 MP: 5/5
  1814 | D:3      | Noticed Ijyb
  1901 | D:3      | Noticed Grinder
  1958 | D:3      | Noticed Robin
  2209 | D:2      | Killed Robin
  2440 | D:3      | Found a deep blue altar of Sif Muna.
  2441 | D:3      | Found an iron altar of Okawaru.
  2451 | D:3      | Paralysed by Grinder for 5 turns
  2456 | D:3      | Found an ancient bone altar of Kikubaaqudgha.
  2472 | D:3      | Found a shimmering altar of Xom.
  2476 | D:3      | Became a worshipper of Warmaster Okawaru
  2494 | D:3      | Reached XP level 6. HP: 36/41 MP: 6/6
  2504 | D:3      | Killed Grinder
  2504 | D:3      | Reached * piety under Okawaru
  2504 | D:3      | Reached XP level 7. HP: 10/45 MP: 7/7
  2971 | D:3      | Killed Ijyb
  3103 | D:3      | Noticed Natasha
  3112 | D:3      | Killed Natasha
  3197 | D:3      | Noticed Natasha
  3204 | D:3      | Killed Natasha
  3296 | D:3      | Found a basalt altar of Yredelemnul.
  3526 | D:3      | Noticed Natasha
  3533 | D:3      | Killed Natasha
  3533 | D:3      | Reached skill level 1 in Invocations
  3939 | D:4      | Found a runed door.
  4441 | D:4      | Noticed Crazy Yiuf
  4442 | D:4      | Noticed Crazy Yiuf
  4442 | D:4      | Crazy Yiuf changed into Crazy Yiuf the river rat
  4456 | D:4      | Killed Crazy Yiuf the river rat
  4506 | D:5      | Entered Level 5 of the Dungeon
  4697 | D:5      | Reached XP level 8. HP: 49/52 MP: 9/9
  5345 | D:5      | Reached ** piety under Okawaru
  5860 | D:6      | Found Zatuw's Assorted Antiques.
  5891 | D:6      | Bought a scroll labeled DAOREL OMUS for 18 gold pieces
  5891 | D:6      | Bought a scroll labeled AFOEJEUCRE for 18 gold pieces
  5891 | D:6      | Bought a golden potion for 16 gold pieces
  5891 | D:6      | Bought an agate ring for 90 gold pieces
  5891 | D:6      | Bought a jewelled scale mail for 162 gold pieces
  5919 | D:6      | Identified the +3 scale mail of Molaeqaj {+Inv Regen+} (You bought it in a shop on level 6 of the Dungeon)
  6128 | D:6      | Found Olorgha's Antique Armour Shoppe.
  6181 | D:6      | Reached XP level 9. HP: 58/58 MP: 11/11
  6205 | D:6      | Reached skill level 5 in Armour
  6205 | D:6      | Reached skill level 1 in Evocations
  6331 | D:6      | Found Paeclihu's Antique Weapon Emporium.
  6451 | D:6      | Reached skill level 5 in Dodging
  6670 | D:6      | Found a staircase to the Ecumenical Temple.
  6765 | D:7      | Reached skill level 5 in Shields
  6975 | D:6      | Bought a hunting sling for 34 gold pieces
  7173 | D:7      | Reached *** piety under Okawaru
  7173 | D:7      | Reached skill level 1 in Throwing
  7176 | D:7      | Reached skill level 2 in Throwing
  7196 | D:7      | Found a burning altar of Makhleb.
  7262 | D:7      | Reached skill level 3 in Throwing
  7668 | D:8      | Reached skill level 4 in Throwing
  7746 | D:8      | Received a gift from Okawaru
  7785 | D:8      | Reached skill level 5 in Throwing
  7828 | D:8      | Noticed a hippogriff
  7840 | D:8      | Killed a hippogriff
  7885 | D:8      | Noticed Psyche
  7888 | D:8      | Killed Psyche
  7888 | D:8      | Reached **** piety under Okawaru
  7888 | D:8      | Reached skill level 6 in Throwing
  7888 | D:8      | Reached XP level 10. HP: 64/64 MP: 12/12
  7922 | D:8      | Reached skill level 7 in Throwing
  8317 | D:8      | Found a staircase to the Lair.
  8353 | D:8      | Reached skill level 8 in Throwing
  8705 | D:9      | Found a hazy altar of Hepliaklqana.
  8846 | D:9      | Reached skill level 9 in Throwing
  8889 | D:9      | Reached ***** piety under Okawaru
  9046 | D:9      | Received a gift from Okawaru
  9068 | D:9      | Found an iron altar of Okawaru.
  9091 | D:9      | Noticed a two-headed ogre
  9111 | D:9      | Killed a two-headed ogre
  9111 | D:9      | Reached skill level 10 in Throwing
  9174 | D:9      | Reached skill level 1 in Slings
  9218 | D:9      | Received a gift from Okawaru
  9339 | D:9      | Quit the game

Vault maps used:
D:1:      dpeg_arrival_pits
D:2:      minmay_roachtagon, lemuel_doored_altar, first_bread, minmay_unequal,
          uniq_jessica
D:3:      lemuel_zombie_altar_yredelemnul, grunt_temple_overflow_open,
          uniq_grinder, uniq_natasha, uniq_robin, uniq_ijyb
D:4:      uniq_crazy_yiuf_cottage
D:5:      lemuel_ratsnest
D:6:      minmay_temple_entry_fiery, serial_shops, nicolae_shop_waterfront,
          kennysheep_mini, nicolae_shop_overgrown_old_shop
D:7:      makhleb_heckhound_becter
D:8:      grunt_lair_entry_orc_guard_hut, uniq_psyche
D:9:      lemuel_coloured_pillars_altar, hangedman_little_slice_of_home,
          kennysheep_okawaru_gauntlet

Skill      XL: |  1  2  3  4  5  6  7  8  9 10 |
---------------+-------------------------------+-----
Short Blades   | 3 4 5 7 |  7.9
Dodging        | 1 2 3 4 5 |  5.2
Invocations    | 1 3 |  3.8
Fighting       | 3 4 |  4.3
Armour         | 4 5 |  5.2
Shields        | 4 5 |  5.1
Evocations     | 1 |  1.5
Throwing       | 6 10 | 10.4
Slings         | 2 |  2.6

Action                   |  1- 3 |  4- 6 |  7- 9 | 10-12 || total
-------------------------+-------+-------+-------+-------++-------
Melee: Rapier            |   110 |   154 |    99 |       ||   363
       Unarmed           |       |    15 |       |       ||    15
       Dagger            |       |       |   663 |       ||   663
 Fire: Hunting sling     |       |       |    60 |   337 ||   397
Evoke: Wand              |       |       |    20 |     5 ||    25
  Use: Scroll            |       |     4 |     9 |    10 ||    23
 Stab: Paralysed         |       |       |     4 |       ||     4
  Eat: Chunk             |     1 |     4 |    18 |     5 ||    28
Armor: Scale mail        |     4 |       |    28 |    19 ||    51
       Chain mail        |    46 |    75 |   133 |       ||   254
       Skin              |       |    73 |       |       ||    73
Dodge: Dodged            |    30 |    75 |   206 |   118 ||   429
Block: Shield            |    56 |   125 |   251 |    98 ||   530

Table legend:
 A = Spawn XP
 B = Non-spawn XP
 C = Spawn XP percentage of total XP
 D = Spawn monster count
 E = Non-spawn monster count
 F = Spawn count percentage of total count
 G = Total turns spent on level
                    A         B        C        D         E        F      G
               +---------+---------+-------+---------+---------+-------+---------
         Total |       0 |    7465 |   0.0 |       0 |     236 |   0.0 |  9339
               +---------+---------+-------+---------+---------+-------+---------
           D:1 |       0 |      28 |   0.0 |       0 |      15 |   0.0 |   648
           D:2 |       0 |     194 |   0.0 |       0 |      37 |   0.0 |  1568
           D:3 |       0 |     578 |   0.0 |       0 |      35 |   0.0 |  1336
           D:4 |       0 |     125 |   0.0 |       0 |      18 |   0.0 |   972
           D:5 |       0 |     820 |   0.0 |       0 |      53 |   0.0 |  1335
           D:6 |       0 |     390 |   0.0 |       0 |      15 |   0.0 |   868
           D:7 |       0 |     648 |   0.0 |       0 |      13 |   0.0 |   712
           D:8 |       0 |    1922 |   0.0 |       0 |      18 |   0.0 |  1083
           D:9 |       0 |    2760 |   0.0 |       0 |      32 |   0.0 |   817
               +---------+---------+-------+---------+---------+-------+---------
